AoeStats
← Victor

MegaRandom

510139344Analyzed
2v2 RM · 1d ago on Sep 29, 2026· 34m 12s· 4 players
Game mode
Random Map
Map size
Medium (4 player)
Population
200
Speed
Normal
Resources
Standard
Victory
Conquest
Starting age
Dark Age
Ending age
Imperial Age
RankedLock teamsTeams togetherTeam positionsShared explorationLock speedFull tech treeHidden civsTurbo modeCheats
Victory
Defeat
🇳🇱 Ethiopians · Netherlands
1193
+15
🇳🇱 Magyars · Netherlands
1187
+15
🇦🇷 Magyars · Argentina
1168
-15
🇦🇷 Maya · Argentina
1166
-15
Maderaporfavor
0:25 Loom
10:38 Feudal Age
21:30 Fletching
23:42 Scale Mail Armor
23:42 Padded Archer Armor
26:08 Forging
30:21 Castle Age
30:33 Crossbowman
32:22 Bodkin Arrow
Msape
7:02 Loom
10:36 Feudal Age
11:18 Double-Bit Axe
15:11 Bloodlines
22:46 Scale Barding Armor
27:50 Castle Age
34:21 Town Watch
Victor
8:05 Loom
11:05 Feudal Age
11:58 Horse Collar
13:32 Scale Barding Armor
23:40 Castle Age
22:02 Double-Bit Axe
23:18 Bloodlines
24:27 Husbandry
30:25 Bow Saw
30:17 Heavy Plow
Kees Harakir!
10:56 Feudal Age
9:12 Loom
12:00 Double-Bit Axe
15:16 Padded Archer Armor
17:07 Fletching
25:29 Gold Mining
28:55 Castle Age
26:41 Town Watch
27:32 Wheelbarrow
29:51 Bodkin Arrow
29:26 Crossbowman
30:11 Thumb Ring
29:55 Horse Collar
30:27 Bow Saw
31:30 Leather Archer Armor
31:22 Squires
31:41 Heavy Plow
31:36 Fishing Lines
Connection lost

Rejoining the realm…

Still unreachable

The connection could not be restored.

Session expired

The server has moved on; the page needs a fresh start.